 Dungeon Sprint DCSS version 0.22.1-2-g9c5b331 (webtiles) character file.

8193 diana the Imperceptible (level 11, -1/45 (47) HPs)
             Began as a Spriggan Enchanter on Dec 23, 2018.
             Was an Initiate of Gozag.
             Engulfed by a cloud of foul pestilence (9 damage)
             ... in the Dungeon (Sprint III: "The Ten Rune Challenge").
             The game lasted 00:24:18 (3815 turns).

diana the Imperceptible (Spriggan Enchanter)        Turns: 3815, Time: 00:24:19

HP:   -1/45 (47)    AC:  6    Str:  6    XL:     11   Next: 6%
MP:   28/28         EV: 32    Int: 19    God:    Gozag
Gold: 4496          SH:  0    Dex: 18    Spells: 22/34 levels left

rFire    . . .     SeeInvis +   a - +1 dagger
rCold    . . .     Gourm    .   (shield restricted)
rNeg     . . .     Faith    .   b - +0 robe
rPois    .         Spirit   .   t - +1 hat
rElec    .         Reflect  .   c - +0 cloak
rCorr    .         Harm     .   (gloves unavailable)
MR       +....     NoTele   +   (boots unavailable)
Stlth    ++++++++..             (no amulet)
HPRegen  0.00/turn              (no ring)
MPRegen  0.21/turn              (no ring)

@: lethally poisoned (-1 -> -83), non-regenerating, diseased, slowed, quick
A: very small, unfitting armour, slimy green scales 1, see invisible, clever 1,
herbivore, speed 3, slow metabolism 2
a: Potion Petition, Call Merchant, Bribe Branch, Renounce Religion


You were in the Dungeon.
You worshipped Gozag.
Gozag was most pleased with you.
You were near starving.

You visited 1 branch You collected 5063 gold pieces.
You spent 567 gold pieces at shops.

Inventory:

Hand Weapons
 a - a +1 dagger (weapon)
 i - a +0 dagger of protection
 u - a +0 blowgun
Missiles
 v - 7 curare-tipped needles
Armour
 b - a +0 robe (worn)
 c - a +0 cloak (worn)
 s - the cursed +1 robe of a sewer {*Contam rF++ Str-5 Slay+6}
   (You bought it in a shop in the Dungeon)

   It affects your strength (-5).
   It affects your accuracy and damage with ranged weapons and melee attacks
   (+6).
   It greatly protects you from fire.
   It causes magical contamination when unequipped.
   It has a curse placed upon it.
 t - a +1 hat (worn)
Wands
 q - a wand of digging (18)
Scrolls
 j - a scroll of blinking
 l - 2 scrolls of torment {unknown}
 m - 4 scrolls of identify
 n - 3 scrolls of remove curse
Potions
 e - a potion of curing
 f - a potion of heal wounds
 g - a potion of haste
 h - 2 potions of magic
 k - 2 potions of mutation
 o - a potion of lignification {unknown}
 p - a potion of flight {unknown}
Miscellaneous
 r - a sack of spiders
Comestibles
 d - 19 rations


   Skills:
 + Level 12.9 Short Blades
 + Level 15.2 Dodging
 * Level 22.7 Stealth
 - Level 12.2 Spellcasting
 - Level 12.4 Hexes


You had 22 spell levels left.
You knew the following spells:

 Your Spells              Type           Power        Failure   Level  Hunger
a - Corona                Hex            ######.      1%          1    None
b - Ensorcelled Hibernat  Hex/Ice        #####.       1%          2    None
c - Confuse               Hex            ######..     1%          3    None
d - Tukima's Dance        Hex            ######..     1%          3    None
e - Dazzling Spray        Conj/Hex       #####.       1%          3    None

Your spell library contained the following spells:

 Spells                   Type           Power        Failure   Level  Hunger
 Slow                     Hex            ######..     1%          2    None
 Magic Dart               Conj           ##..         6%          1    None
 Blink                    Tloc           N/A          9%          2    None
 Call Imp                 Summ           ##......     9%          2    None
 Conjure Flame            Conj/Fire      ##......     19%         3    None
 Mephitic Cloud           Conj/Pois/Air  ##......     19%         3    None


Dungeon Overview and Level Annotations

Branches:
Dungeon (1/1)

Altars:
Cheibriados
Dithmenos
Elyvilon
Fedhas
Gozag
Hepliaklqana
Kikubaaqudgha
Makhleb
Nemelex Xobeh
Okawaru
Qazlal
Ru
Sif Muna
Trog
Uskayaw
Vehumet
Wu Jian
Xom
Yredelemnul
Zin
The Shining One
Beogh
Jiyva
Lugonu

Shops:
D [


Innate Abilities, Weirdness & Mutations

You are very small and have problems with some larger weapons.
You are too small for most types of armour.
You have supernaturally acute eyesight. (SInv)
You are a herbivore.
You cover ground extremely quickly.
You need to consume almost no food.
You are partially covered in slimy green scales. (AC +2)
Your mind is acute. (Int +2)


Message History

You feel sick.
You feel sick.
You feel sick.
You start resting.
You feel sick. x15
You are engulfed in dark miasma.
You are lethally poisoned!
You feel your flesh rotting away!
You feel yourself slow down.
* * * LOW HITPOINT WARNING * * *
x2 You feel sick.
You are engulfed in dark miasma.
You are more poisoned.
You feel your flesh rotting away!
You feel ill.
* * * LOW HITPOINT WARNING * * *
You feel very sick.
You close the door.
You are engulfed in dark miasma.
You are more poisoned.
You feel as though you will be slow longer.
You die...
Your body crumbles into a pile of gold.

$$#)..#.≈≈≈≈#
$$#..)#.#≈§≈#
#####.#c≈≈≈#
#...P§# #≈≈≈≈
#...§P# c≈≈§
#.)§§P# ##≈≈
#..§§P# §§# ≈
#§#####§§§#
#§§§§@+§§§+
#§#########
#$#$ #.# #.#
$ $ #.# $ $
#.# $ $ #.# $
$ #.# $ $


There were no monsters in sight!

Vanquished Creatures
  Dowan (D)
  Josephine (D)
  A centaur warrior (D)
  2 unseen horrors (D)
  A deep elf mage (D)
  Duvessa (D)
  3 wandering mushrooms (D)
  A queen bee (D)
  A shadow (D)
  A spatial vortex (D)
  3 orc warriors (D)
  A necrophage (D)
  2 centaurs (D)
  An earth elemental (D)
  A water elemental (D)
  32 killer bees (D)
  A jelly (D)
  3 orc priests (D)
  2 orc wizards (D)
  Jessica (D)
  A wizard (D)
  A necromancer (D)
  3 humans (D)
  A kobold demonologist (D)
  2 oozes (D)
  10 orcs (D)
  A rat (D)
79 creatures vanquished.

Vanquished Creatures (collateral kills)
  Crazy Yiuf (D)
1 creature vanquished.

Vanquished Creatures (others)
  2 draconian scorchers (D)
  3 yaktaurs (D)
  6 hellions (D)
  An orc high priest (D)
  2 orc priests (D)
  14 plants (D)
28 creatures vanquished.

Grand Total: 108 creatures vanquished

Notes
Turn   | Place    | Note
-------+----------+-------------------------------------------
     0 | D        | diana the Spriggan Enchanter began the quest for the Orb.
     0 | D        | Reached XP level 1. HP: 9/9 MP: 5/5
     4 | D        | Reached skill level 5 in Stealth
    13 | D        | Reached XP level 2. HP: 10/13 MP: 5/7
    76 | D        | Noticed Jessica
    79 | D        | Killed Jessica
    79 | D        | Reached skill level 6 in Stealth
    79 | D        | Reached skill level 5 in Hexes
    79 | D        | Reached XP level 3. HP: 16/16 MP: 8/10
   108 | D        | Noticed Crazy Yiuf
   140 | D        | Learned a level 2 spell: Ensorcelled Hibernation
   144 | D        | Learned a level 3 spell: Confuse
   145 | D        | Killed a white draconian scorcher
   148 | D        | Learned a level 3 spell: Tukima's Dance
   171 | D        | Killed Crazy Yiuf
   171 | D        | Reached skill level 7 in Stealth
   175 | D        | Reached skill level 5 in Spellcasting
   199 | D        | Killed a hellion
   203 | D        | Gained mutation: You are partially covered in slimy green
                  | scales. (AC +2) [potion of mutation]
   203 | D        | Gained mutation: Your mind is acute. (Int +2) [potion of
                  | mutation]
   219 | D        | Learned a level 3 spell: Dazzling Spray
   231 | D        | Noticed a water elemental
   231 | D        | Killed a hellion
   231 | D        | Killed a yaktaur
   232 | D        | Killed a hellion
   252 | D        | Killed a white draconian scorcher
   263 | D        | Killed a hellion
   263 | D        | Killed a hellion
   278 | D        | Killed a water elemental
   278 | D        | Reached skill level 5 in Short Blades
   278 | D        | Reached skill level 8 in Stealth
   278 | D        | Reached XP level 4. HP: 16/21 MP: 4/13
   325 | D        | Killed a hellion
   414 | D        | Found a radiant altar of Vehumet.
   414 | D        | Found a deep blue altar of Sif Muna.
   414 | D        | Found an ancient bone altar of Kikubaaqudgha.
   414 | D        | Noticed a wizard
   418 | D        | Noticed a hellwing
   420 | D        | Noticed a hellwing
   423 | D        | Killed a wizard
   423 | D        | Reached skill level 9 in Stealth
   423 | D        | Reached XP level 5. HP: 22/24 MP: 8/15
   602 | D        | Found a glowing silver altar of Zin.
   603 | D        | Found a glowing golden altar of the Shining One.
   603 | D        | Found a white marble altar of Elyvilon.
   603 | D        | Noticed a deep elf mage
   605 | D        | Killed a deep elf mage
   605 | D        | Reached skill level 13 in Stealth
   605 | D        | Reached XP level 6. HP: 28/28 MP: 15/18
   605 | D        | Reached XP level 7. HP: 32/32 MP: 16/20
   631 | D        | Found a hide-covered altar of Uskayaw.
   631 | D        | Found a roughly hewn altar of Beogh.
   631 | D        | Found an iron altar of Okawaru.
   631 | D        | Found a bloodstained altar of Trog.
   631 | D        | Found an ornate altar of the Wu Jian Council.
   631 | D        | Noticed a human
   631 | D        | Noticed a human
   641 | D        | Killed a human
   643 | D        | Killed a human
   643 | D        | Reached skill level 14 in Stealth
   827 | D        | Found a basalt altar of Yredelemnul.
   827 | D        | Found a shadowy altar of Dithmenos.
   827 | D        | Found a sacrificial altar of Ru.
   934 | D        | Noticed a shadow
   936 | D        | Killed a shadow
   936 | D        | Reached skill level 15 in Stealth
   936 | D        | Reached XP level 8. HP: 35/35 MP: 22/22
   946 | D        | Found a blossoming altar of Fedhas.
   946 | D        | Found a stormy altar of Qazlal.
   947 | D        | Found a snail-covered altar of Cheibriados.
   947 | D        | Found a burning altar of Makhleb.
   947 | D        | Found a hazy altar of Hepliaklqana.
   947 | D        | Found a shimmering altar of Xom.
   947 | D        | Found an opulent altar of Gozag.
   947 | D        | Found a sparkling altar of Nemelex Xobeh.
   947 | D        | Found a corrupted altar of Lugonu.
   947 | D        | Found a viscous altar of Jiyva.
   950 | D        | Reached skill level 10 in Hexes
   954 | D        | Became a worshipper of Gozag Ym Sagoz the Greedy
   964 | D        | Noticed Josephine
   967 | D        | Killed Josephine
   967 | D        | Reached skill level 10 in Dodging
   967 | D        | Reached skill level 16 in Stealth
   967 | D        | Reached skill level 10 in Spellcasting
   978 | D        | Reached skill level 17 in Stealth
   978 | D        | Reached XP level 9. HP: 38/38 MP: 24/24
   984 | D        | Noticed a centaur warrior
   994 | D        | Killed a centaur warrior
   994 | D        | Reached skill level 10 in Short Blades
   999 | D        | Reached skill level 18 in Stealth
  1112 | D        | Noticed an unseen horror
  1112 | D        | Noticed an unseen horror
  1113 | D        | Killed an unseen horror
  1115 | D        | Killed an unseen horror
  1115 | D        | Reached skill level 19 in Stealth
  1134 | D        | Noticed a wandering mushroom
  1138 | D        | Noticed a wandering mushroom
  1281 | D        | Killed a wandering mushroom
  1281 | D        | Reached XP level 10. HP: 43/43 MP: 2/27
  2009 | D        | Found Qozuptan's Armour Shop.
  2016 | D        | Bought the cursed +1 robe of a sewer {*Contam rF++ Str-5
                  | Slay+6} for 435 gold pieces
  2016 | D        | Bought a +1 hat for 132 gold pieces
  2382 | D        | Reached skill level 20 in Stealth
  3068 | D        | Reached skill level 21 in Stealth
  3248 | D        | Noticed Dowan
  3248 | D        | Noticed Duvessa
  3252 | D        | Killed Duvessa
  3255 | D        | Killed Dowan
  3255 | D        | Reached skill level 15 in Dodging
  3255 | D        | Reached skill level 22 in Stealth
  3255 | D        | Reached XP level 11. HP: 44/47 MP: 23/28
  3295 | D        | Noticed a yaktaur captain
  3295 | D        | Noticed a yaktaur captain
  3815 | D        | Engulfed by a cloud of foul pestilence

Skill      XL: |  1  2  3  4  5  6  7  8  9 10 |
---------------+-------------------------------+-----
Short Blades   | 2 3 5 7 8 9 10 12 | 12.9
Stealth        | 5 6 8 9 13 15 17 19 22 | 22.7
Spellcasting   | 3 4 6 8 9 10 12 | 12.2
Hexes          | 4 5 6 7 8 9 11 12 | 12.4
Dodging        | 7 9 10 12 15 | 15.2

Action                   |  1- 3 |  4- 6 |  7- 9 | 10-12 || total
-------------------------+-------+-------+-------+-------++-------
Melee: Dagger            |    21 |    15 |    35 |   165 ||   236
 Cast: Dazzling Spray    |     2 |     3 |    21 |    62 ||    88
       Tukima's Dance    |     2 |       |       |       ||     2
       Ensorcelled Hiber |     1 |       |     2 |    27 ||    30
       Confuse           |       |     2 |     3 |     6 ||    11
       Corona            |       |       |     3 |       ||     3
  Use: Potion            |     2 |       |       |     3 ||     5
 Stab: Sleeping          |     4 |     1 |     8 |    17 ||    30
       Invisible         |       |     2 |     4 |    12 ||    18
       Confused          |       |       |     1 |     1 ||     2
       Distracted        |       |       |       |     6 ||     6
Armor: Robe              |     2 |     5 |       |     7 ||    14
Dodge: Dodged            |     8 |    15 |    28 |   168 ||   219
